 Dungeon Crawl Stone Soup version 0.22.0-5-gf09313c (webtiles) character file.

8033 ventricule the Cleaver (level 11, 0/111 (113) HPs)
             Began as an Ogre Warper on Aug 13, 2018.
             Was a Follower of Uskayaw.
             Succumbed to a redback's poison
             ... in a labyrinth.
             The game lasted 00:40:04 (14808 turns).

ventricule the Cleaver (Ogre Warper)               Turns: 14808, Time: 00:40:05

HP:   0/111 (113)   AC:  6    Str: 17    XL:     11   Next: 24%
MP:   16/16         EV: 13    Int: 16    God:    Uskayaw [*.....]
Gold: 212           SH:  0    Dex: 12    Spells: 1/16 levels left

rFire    + + .     SeeInvis .   A - +2 war axe (flame)
rCold    + . .     Gourm    .   (no shield)
rNeg     . . .     Faith    .   x - +1 robe {rC+ rF+} {rC+, rF+}
rPois    .         Spirit   .   (helmet restricted)
rElec    .         Reflect  .   y - +1 cloak of the Armadillo {Dex+3}
rCorr    .         Harm     .   (gloves unavailable)
MR       +....                  (boots unavailable)
Stlth    +.........             (no amulet)
HPRegen  0.28/turn              l - ring of flight
MPRegen  0.15/turn              F - ring of protection from fire

@: lethally poisoned (0 -> -6)
A: large, unfitting armour, tough skin 1
a: Stomp, Renounce Religion, Evoke Flight


You were in a labyrinth.
You worshipped Uskayaw.
Uskayaw was noncommittal.
You were not hungry.

You visited 2 branches of the dungeon, and saw 11 of its levels.
You also visited: Labyrinth.

You collected 485 gold pieces.
You spent 273 gold pieces at shops.

Inventory:

Hand Weapons
 a - a +0 hand axe
 c - a +1 hand axe of electrocution
 A - a +2 war axe of flaming (weapon)
Missiles
 f - 2 tomahawks of dispersal {=f}
 n - 3 tomahawks
 v - 20 poisoned needles
 z - 2 javelins (quivered)
 Q - 358 stones
Armour
 b - a +1 robe
 q - a +0 cloak
 x - a +1 robe of resistance (worn) {rC+, rF+}
 y - the +1 cloak of the Armadillo (worn) {Dex+3}
   (You bought it in a shop on level 8 of the Dungeon)

   It affects your dexterity (+3).
Jewellery
 l - a ring of flight (left hand)
 m - an uncursed ring of fire {rF+, rC-}
 F - a ring of protection from fire (right hand)
Wands
 g - a wand of clouds (1)
 p - a wand of flame (56)
Scrolls
 i - 2 scrolls of identify
 j - 3 scrolls of enchant armour
 o - a scroll of magic mapping {!r}
 r - 4 scrolls of remove curse
 s - 2 scrolls of amnesia
 t - 3 scrolls of teleportation
 w - a scroll of immolation {!r}
 B - 2 scrolls of blinking {!r}
Potions
 d - a potion of might
 h - a potion of haste
 k - 2 potions of magic
Comestibles
 e - 17 rations


   Skills:
 - Level 8.3 Fighting
 + Level 10.5 Axes
 - Level 5.0 Throwing
 - Level 7.1 Dodging
 - Level 3.0 Spellcasting
 + Level 2.0 Necromancy
 - Level 4.4 Translocations
 + Level 7.1 Invocations


You had one spell level left.
You knew the following spells:

 Your Spells              Type           Power        Failure   Level  Hunger
a - Shroud of Golubria    Chrm/Tloc      #.........   12%         2    ##.....
b - Blink                 Tloc           N/A          4%          2    ##.....
c - Gell's Gravitas       Tloc           ###.......   9%          3    ###....
d - Passage of Golubria   Tloc           N/A          30%         4    #####..
e - Lesser Beckoning      Tloc           ###.......   9%          3    ###....
A - Animate Skeleton      Necr           N/A          9%          1    #......

Your spell library contained the following spells:

 Spells                   Type           Power        Failure   Level  Hunger
 Teleport Other           Tloc           ###.....     9%          3    ###....
 Animate Dead             Necr           N/A          63%         4    #####..
 Pain                     Necr           #...         9%          1    #......
 Vampiric Draining        Necr           #.........   24%         3    ###....
 Regeneration             Chrm/Necr      #.........   36%         3    ###....


Dungeon Overview and Level Annotations

Branches:
Dungeon (10/15)            Temple (0/1) D:5            Lair (1/6) D:9
    Orc: D:9-12

Altars:
Ashenzari
Dithmenos
Fedhas
Hepliaklqana
Makhleb
Nemelex Xobeh
Qazlal
Ru
Sif Muna
Trog
Uskayaw
Wu Jian
Xom
Zin

Shops:
D:8 [

Annotations:
D:9 2 transporters, exclusion: orange crystal statue


Innate Abilities, Weirdness & Mutations

You are too large for most types of armour.
You have tough skin. (AC +1)


Message History

You feel sick.
You take 1 damage, and have 6/111 hp.
* * * LOW HITPOINT WARNING * * *
You feel sick.
You take 1 damage, and have 5/111 hp.
* * * LOW HITPOINT WARNING * * *
You feel sick.
You take 1 damage, and have 4/111 hp.
* * * LOW HITPOINT WARNING * * *
You feel sick.
You take 1 damage, and have 3/111 hp.
* * * LOW HITPOINT WARNING * * *
You feel sick.
You take 1 damage, and have 2/111 hp.
* * * LOW HITPOINT WARNING * * *
You feel sick.
* * * LOW HITPOINT WARNING * * *
You feel sick.
You take 1 damage, and have 1/111 hp.
You die...

. # . # ..
.≈...#.# .#...##
## . ≈≈ ≈.§ ..
... .# ..# .
.§§≈≈ §#.#.. #.
#..#.## # .§ §≈§§
§.#. .#.....# .
.§ §.. #...# #...
### # # ≈ §≈ §§
.. #.#...# . #§
≈§..#.#..##.#.#.#
# §≈.#.
.........@.....#
# . ..
..#.#.#######.#
.. . #.# ..# .
#.#...#.#.#.# .##
. .. #.. .# # . )
# . #.#.#.# .# #
. .. . .# ) #
#.#.#. .# #.#
....


There were no monsters in sight!

Vault maps used:
D:1:      giann_wishing_wells
D:2:      grunt_dithmenos_smoke_and_mirrors, nemelex_altar_shiori, bloody_trog,
          uniq_terence, uniq_sigmund
D:3:      first_ration, xom_redecorated
D:4:      kennysheep_mini_moat, overflow_temple_1_default
D:5:      lemuel_round_altar, temple_green
D:6:      fedhas_altar_decomposition, lemuel_statue_altar, uniq_edmund
D:7:      grunt_temple_overflow_champion_of_chaos, led_sif_pool,
          lemuel_coloured_pillars_altar, nicolae_overflow_hidden_temple,
          serial_undead, serial_undead_d, serial_undead_d, serial_undead_b,
          serial_undead_e, uniq_crazy_yiuf_cottage
D:8:      old_standard_altar, lemuel_crystal_altar, basic_altar, serial_shops,
          shop, david_nohive_1, uniq_maurice
D:9:      gammafunk_sealed_arena, lair_entry_dummy, serial_park_tiny_pond
D:10:     serial_gnoll_camp, gnoll_camp_medium_01, gnoll_camp_mini_house,
          gnoll_camp_mini_hut, gnoll_camp_mini_sergeant, gnoll_camp_mini_hut,
          gnoll_camp_mini_hut, uniq_snorg, uniq_josephine
Lair:1:   lab_entry_generic
Lab:      labyrinth_watery, lab_statue, nicolae_lab_statue, nicolae_lab_swirl,
          nicolae_lab_x, nicolae_lab_quarters, lab_fountain,
          labyrinth_lava_lair, labyrinth_skeletal_remains,
          nicolae_lab_big_swirl, nicolae_lab_flowing_pool

Notes
Turn   | Place    | Note
-------+----------+-------------------------------------------
     0 | D:1      | ventricule the Ogre Warper began the quest for the Orb.
     0 | D:1      | Reached XP level 1. HP: 22/22 MP: 3/3
   552 | D:1      | Reached XP level 2. HP: 21/29 MP: 5/5
   558 | D:1      | Learned a level 2 spell: Shroud of Golubria
   704 | D:1      | Reached skill level 3 in Axes
   774 | D:1      | Identified a ring of flight (You found it on level 1 of the Dungeon)
  1105 | D:2      | Noticed Terence
  1154 | D:2      | Reached XP level 3. HP: 26/36 MP: 6/6
  1158 | D:2      | Learned a level 2 spell: Blink
  1382 | D:2      | HP: 7/36 [worm (8)]
  1762 | D:2      | Identified 2 scrolls of magic mapping
  1763 | D:2      | Identified a scroll of identify
  1763 | D:2      | Identified 2 potions of lignification
  1764 | D:2      | Identified a scroll of enchant armour
  1765 | D:2      | Identified a scroll of fog
  1766 | D:2      | Identified a scroll of teleportation
  1943 | D:2      | Killed Terence
  1943 | D:2      | Reached skill level 4 in Axes
  2095 | D:2      | Reached XP level 4. HP: 44/44 MP: 7/7
  2136 | D:2      | Found a shadowy altar of Dithmenos.
  2174 | D:2      | Found a bloodstained altar of Trog.
  2218 | D:2      | Noticed Sigmund
  2221 | D:2      | Identified a scroll of immolation
  2226 | D:2      | Noticed a phantom
  2429 | D:3      | Identified a potion of might
  2458 | D:3      | Found a shimmering altar of Xom.
  2460 | D:3      | Found a shimmering altar of Xom.
  2473 | D:3      | Found a shimmering altar of Xom.
  2516 | D:3      | Learned a level 3 spell: Gell's Gravitas
  2755 | D:3      | Identified a scroll of fear
  3105 | D:3      | Reached skill level 5 in Axes
  3250 | D:4      | Reached XP level 5. HP: 26/50 MP: 5/8
  3574 | D:4      | Noticed an ice beast
  3641 | D:4      | Found a hide-covered altar of Uskayaw.
  3649 | D:4      | Reached skill level 2 in Throwing
  3831 | D:4      | Became a worshipper of Uskayaw the Reveler
  3889 | D:4      | Reached * piety under Uskayaw
  3944 | D:4      | Identified a +1 hand axe of electrocution (You found it on level 4 of the Dungeon)
  3949 | D:4      | Identified a scroll of amnesia
  3950 | D:4      | Identified a scroll of remove curse
  3954 | D:4      | Killed an ice beast
  3954 | D:4      | Reached XP level 6. HP: 59/59 MP: 6/9
  3954 | D:4      | Reached ** piety under Uskayaw
  4044 | D:4      | Reached skill level 6 in Axes
  4044 | D:4      | Reached skill level 3 in Throwing
  4087 | D:4      | Found a sacrificial altar of Ru.
  4305 | D:4      | Reached XP level 7. HP: 54/66 MP: 10/10
  4540 | D:2      | Found a sparkling altar of Nemelex Xobeh.
  4576 | D:2      | Identified 2 potions of curing
  4583 | D:2      | Killed Sigmund
  4583 | D:2      | Reached skill level 4 in Throwing
  4585 | D:2      | Reached *** piety under Uskayaw
  4798 | D:2      | Identified 2 potions of magic
  4799 | D:2      | Identified a potion of haste
  4892 | D:5      | Entered Level 5 of the Dungeon
  4925 | D:5      | HP: 15/66 [jelly (2)]
  4925 | D:5      | HP: 6/66 [acid (9)]
  4936 | D:5      | HP: 7/66 [jelly (1)]
  4936 | D:5      | HP: 1/66 [acid (6)]
  5385 | D:5      | Reached skill level 7 in Axes
  5385 | D:5      | Reached skill level 5 in Throwing
  5435 | D:5      | Reached XP level 8. HP: 33/74 MP: 9/11
  5552 | D:5      | Found a shattered altar of Ashenzari.
  5837 | D:5      | Found a staircase to the Ecumenical Temple.
  5954 | D:5      | Reached skill level 3 in Dodging
  6366 | D:6      | Identified a potion of resistance
  6367 | D:6      | Identified a scroll of random uselessness
  6439 | D:6      | Noticed Edmund
  6453 | D:6      | Killed Edmund
  6453 | D:6      | Reached skill level 8 in Axes
  6453 | D:6      | Reached skill level 4 in Dodging
  6496 | D:6      | Found a blossoming altar of Fedhas.
  6534 | D:6      | Learned a level 4 spell: Passage of Golubria
  6538 | D:6      | Found a blossoming altar of Fedhas.
  6633 | D:6      | Identified a ring of protection from fire (You found it on level 6 of the Dungeon)
  7206 | D:6      | Reached skill level 3 in Fighting
  7206 | D:6      | Reached skill level 1 in Invocations
  7215 | D:6      | Reached **** piety under Uskayaw
  7231 | D:6      | Reached XP level 9. HP: 60/81 MP: 9/12
  7237 | D:6      | Reached skill level 2 in Invocations
  7237 | D:6      | Reached ***** piety under Uskayaw
  7545 | D:7      | Reached skill level 4 in Fighting
  7848 | D:7      | Found a burning altar of Makhleb.
  8134 | D:7      | Reached skill level 5 in Dodging
  8146 | D:7      | Reached skill level 3 in Invocations
  8282 | D:7      | Found a deep blue altar of Sif Muna.
  8308 | D:7      | Found a shimmering altar of Xom.
  8384 | D:7      | Found a stormy altar of Qazlal.
  8582 | D:7      | Reached skill level 9 in Axes
  8593 | D:7      | Found a glowing silver altar of Zin.
  8651 | D:7      | Reached skill level 5 in Fighting
  8748 | D:7      | Found a runed door.
  8752 | D:7      | Noticed Crazy Yiuf
  8980 | D:7      | Killed Crazy Yiuf
  8988 | D:7      | Identified a +0 cloak (You took it off Crazy Yiuf on level 7 of the Dungeon)
  9503 | D:8      | Found a deep blue altar of Sif Muna.
  9577 | D:8      | Found a hazy altar of Hepliaklqana.
  9602 | D:8      | Reached skill level 4 in Invocations
  9619 | D:8      | Found Gyzeyfue's Armour Emporium.
  9647 | D:8      | Bought the +1 cloak of the Armadillo {Dex+3} for 273 gold pieces
  9908 | D:8      | Noticed Maurice
  9975 | D:8      | HP: 21/88 [killer bee (4)]
  9981 | D:8      | HP: 15/88 [poisoned by a killer bee]
  9986 | D:8      | HP: 14/88 [poisoned by a killer bee]
  9993 | D:8      | HP: 14/88 [poisoned by a killer bee]
 10001 | D:8      | HP: 14/88 [poisoned by a killer bee]
 10385 | D:8      | Reached skill level 6 in Fighting
 10740 | D:8      | Reached skill level 6 in Dodging
 10740 | D:8      | Reached XP level 10. HP: 58/99 MP: 13/13
 10854 | D:8      | HP: 19/99 [killer bee (10)]
 10860 | D:8      | HP: 14/99 [poisoned by a killer bee]
 10866 | D:8      | HP: 12/99 [poisoned by a killer bee]
 10871 | D:8      | HP: 12/99 [poisoned by a killer bee]
 10879 | D:8      | HP: 12/99 [poisoned by a killer bee]
 11285 | D:8      | Reached skill level 5 in Invocations
 11485 | D:8      | Found an ornate altar of the Wu Jian Council.
 11528 | D:8      | Reached skill level 3 in Translocations
 11561 | D:8      | Identified a potion of berserk rage
 11563 | D:8      | Identified a ring of fire (You found it on level 8 of the Dungeon)
 11663 | D:8      | Reached skill level 3 in Spellcasting
 11668 | D:8      | Learned a level 3 spell: Lesser Beckoning
 11751 | D:8      | Killed Maurice
 11751 | D:8      | Reached skill level 7 in Fighting
 12178 | D:9      | Learned a level 1 spell: Animate Skeleton
 12198 | D:9      | Noticed a two-headed ogre
 12204 | D:9      | Killed a two-headed ogre
 12204 | D:9      | Reached skill level 10 in Axes
 12353 | D:9      | Reached skill level 6 in Invocations
 12383 | D:9      | Reached skill level 4 in Translocations
 12456 | D:9      | Noticed a deep elf mage
 12458 | D:9      | Found a transporter.
 12459 | D:9      | Noticed a cyclops
 12459 | D:9      | Noticed an orange crystal statue
 12505 | D:9      | Reached skill level 8 in Fighting
 12760 | D:9      | Reached skill level 7 in Dodging
 13064 | D:9      | Identified a +2 war axe of flaming (You found it on level 9 of the Dungeon)
 13105 | D:9      | Found a transporter.
 13282 | D:9      | Reached XP level 11. HP: 59/109 MP: 10/15
 13530 | D:9      | Found a staircase to the Lair.
 13600 | D:9      | Identified a +0 troll leather armour
 13971 | D:9      | Identified a +1 robe of resistance (You took it off a wight on level 9 of the Dungeon)
 13980 | D:10     | Entered Level 10 of the Dungeon
 14337 | Lair:1   | Entered Level 1 of the Lair of Beasts
 14344 | Lair:1   | Reached skill level 1 in Necromancy
 14410 | Lair:1   | Found a labyrinth entrance.
 14505 | Lab      | Entered a labyrinth
 14769 | Lab      | Found an exit through the horrors of the Abyss.
 14783 | Lab      | Reached skill level 7 in Invocations
 14785 | Lab      | Reached skill level 2 in Necromancy
 14790 | Lab      | HP: 27/111 [poisoned by a redback]
 14795 | Lab      | HP: 16/111 [poisoned by a redback]
 14800 | Lab      | HP: 7/111 [poisoned by a redback]
 14804 | Lab      | HP: 3/111 [poisoned by a redback]
 14807 | Lab      | HP: 1/111 [poisoned by a redback]
 14808 | Lab      | Succumbed to a redback's poison

Table legend:
 A = Turns spent in this place as a percentage of turns spent in the entire game.
 B = Non-inter-level travel turns spent in this place as a percentage of non-inter-level travel turns spent in the entire game.
 C = Inter-level travel turns spent in this place as a percentage of turns spent in this place.
 D = Turns resting spent in this place as a percentage of non-inter-level travel turns spent in this place.
 E = Turns spent auto-exploring this place as a percentage of non-inter-level travel turns spent in this place.
 F = Non-inter-level travel turns spent in this place divided by the number of levels of this place that you've seen.
                   A       B       C       D       E      F
               +-------+-------+-------+-------+-------+----------------------
         Total | 100.0 | 100.0 |   3.3 |  46.6 |  36.2 | 1193.2
       Dungeon |  96.8 |  96.7 |   3.4 |  46.6 |  37.4 | 1384.8
          Lair |   1.1 |   1.2 |   0.0 |  32.7 |   0.0 | 168.0
     Labyrinth |   2.0 |   2.1 |   0.0 |  54.5 |   0.0 | 303.0
               +-------+-------+-------+-------+-------+----------------------

Table legend:
 A = Kills in this place as a percentage of kills in entire the game.
 B = Kills by you in this place as a percentage of kills by you in the entire game.
 C = Kills by friends in this place as a percentage of kills by friends in the entire game.
 D = Other kills in this place as a percentage of other kills in the entire game.
 E = Experience gained in this place as a percentage of experience gained in the entire game.
 F = Experience gained in this place divided by the number of levels of this place that you have seen.
                   A       B       C       D       E      F
               +-------+-------+-------+-------+-------+----------------------
         Total | 100.0 | 100.0 |   N/A | 100.0 | 100.0 | 956.4
       Dungeon |  96.3 |  96.3 |   N/A | 100.0 |  85.1 | 976.6
          Lair |   2.1 |   2.1 |   N/A |   0.0 |   9.2 | 1055.0
     Labyrinth |   1.6 |   1.6 |   N/A |   0.0 |   5.7 | 656.0
               +-------+-------+-------+-------+-------+----------------------

Skill      XL: |  1  2  3  4  5  6  7  8  9 10 11 |
---------------+----------------------------------+-----
Axes           | 3 4 5 6 7 8 9 10 | 10.5
Throwing       | 2 3 5 |  5.0
Dodging        | 4 6 7 |  7.1
Fighting       | 3 6 8 |  8.3
Invocations    | 1 4 6 7 |  7.1
Translocations | 4 |  4.4
Spellcasting   | 3 |  3.0
Necromancy     | 2 |  2.0

Action                   |  1- 3 |  4- 6 |  7- 9 | 10-12 || total
-------------------------+-------+-------+-------+-------++-------
Melee: Hand axe          |   139 |   143 |   421 |   178 ||   881
       War axe           |       |       |       |    58 ||    58
Throw: Javelin           |       |     2 |     5 |     7 ||    14
       Tomahawk          |       |       |     1 |     3 ||     4
       Stone             |       |       |       |     2 ||     2
 Cast: Shroud of Golubri |     2 |     6 |    32 |    32 ||    72
       Blink             |       |       |     1 |       ||     1
       Animate Skeleton  |       |       |       |     2 ||     2
Invok: Stomp             |       |       |     2 |     8 ||    10
       Line Pass         |       |       |     1 |       ||     1
Evoke: Wand              |       |       |       |     6 ||     6
  Use: Scroll            |     5 |     5 |     8 |     3 ||    21
       Potion            |     1 |       |     3 |     3 ||     7
 Stab: Paralysed         |       |       |     6 |     3 ||     9
       Confused          |       |       |       |     1 ||     1
       Sleeping          |       |       |       |     1 ||     1
  Eat: Chunk             |     4 |     7 |    11 |     9 ||    31
       Ration            |       |       |     4 |     2 ||     6
Armor: Robe              |    11 |    40 |    68 |    50 ||   169
       Skin              |    33 |       |     5 |       ||    38
Dodge: Dodged            |    43 |    76 |   189 |   164 ||   472

Vanquished Creatures
  A two-headed ogre (D:9)
  A black mamba (Lair:1)
  Maurice (D:8)
  A queen bee (D:8)
  A troll (D:9)
  2 hippogriffs (D:9)
  3 redbacks (Lab)
  Sigmund (D:2)
  3 yaks (Lair:1)
  Edmund (D:6)
  2 black bears (D:9)
  3 ice beasts
  2 orc warriors
  11 necrophages
  2 ogres
  A phantom (D:2)
  A centaur (D:9)
  A big kobold (D:9)
  5 bullfrogs
  A gnoll sergeant (D:7)
  2 scorpions
  24 killer bees
  7 wights
  2 jellies (D:5)
  5 crimson imps
  A centaur zombie (D:8)
  3 hounds
  Crazy Yiuf (D:7)
  A bullfrog skeleton (D:9)
  7 iguanas
  Terence (D:2)
  An orc wizard (D:8)
  5 worker ants
  2 hound zombies
  2 hound skeletons
  A worker ant zombie (D:6)
  4 gnolls (D:7)
  A howler monkey skeleton (D:8)
  6 adders
  An ooze (D:2)
  An adder zombie (D:6)
  4 worms
  2 dart slugs (D:2)
  12 orcs
  2 ball pythons (D:1)
  8 bats
  5 giant cockroaches
  3 goblins
  7 hobgoblins
  3 jackals (D:6)
  2 quokkas
  4 frilled lizards
  A jackal zombie (D:6)
  7 kobolds
  3 leopard gecko zombies
  5 rats
  2 bushes (D:6)
192 creatures vanquished.

Vanquished Creatures (others)
  A killer bee (D:7)
  3 plants (D:6)
  A withered plant (D:7)
5 creatures vanquished.

Grand Total: 197 creatures vanquished
